TOP OF THE 1ST |
Calgary Cowboys batting - Pitching for Mexico City Cerveceros : RHP José Jiménez
|
Pitching: RHP José Jiménez
|
|
Batting: RHB Luis Peña
|
0-0: Foul Ball, location: 2F 0-1: Ball 1-1: Ball 2-1: Swinging Strike 2-2: Ball 3-2: Ground out 6-3 (Groundball, 6M)
|
Batting: RHB Jesús Hernández
|
0-0: Ball 1-0: Foul Ball, location: 2F 1-1: Foul Ball, location: 2F 1-2: Fly out, F6 (Popup, 6)
|
Batting: LHB Miguel Pérez
|
0-0: Called Strike 0-1: Ball 1-1: Foul Ball, location: 2F 1-2: Ball 2-2: Foul Ball, location: 2F 2-2: Ball 3-2: Foul Ball, location: 2F 3-2: Foul Ball, location: 2F 3-2: SINGLE (Flyball, 8RM)
|
Batting: RHB Clark Hodge
|
0-0: Ball 1-0: Fly out, F9 (Flyball, 89S)
|
Top of the 1st over - 0 run(s), 1 hit(s), 0 error(s), 1 left on base; Calgary 0 - Mexico City 0 |
BOTTOM OF THE 1ST |
Mexico City Cerveceros batting - Pitching for Calgary Cowboys : RHP Bert Killick
|
Pitching: RHP Bert Killick
|
|
Batting: LHB Rubén Díaz
|
0-0: Ball 1-0: Ball 2-0: Ball 3-0: Called Strike 3-1: Base on Balls
|
Batting: RHB Dennis Stephenson
|
0-0: Ball 1-0: Ball 2-0: Ball 3-0: Called Strike 3-1: Called Strike 3-2: Fly out, F8 (Flyball, 8RS)
|
Batting: LHB Sammy Marshall
|
0-0: Ground out 3-1 (Groundball, 34) Rubén Díaz to second
|
Batting: RHB Arnold Harmon
|
0-0: Called Strike 0-1: SINGLE (Line Drive, 34D) Rubén Díaz to third Runner from 3rd tries for Home, SAFE, no throw or cutoff
|
Batting: LHB Luis Espinoza
|
Balk! Arnold Harmon to second 0-0: Called Strike 0-1: Called Strike 0-2: Ball 1-2: Foul Ball, location: 2F 1-2: Foul Ball, location: 2F 1-2: Strikes out looking
|
Bottom of the 1st over - 1 run(s), 1 hit(s), 0 error(s), 1 left on base; Calgary 0 - Mexico City 1 |
TOP OF THE 2ND |
Calgary Cowboys batting - Pitching for Mexico City Cerveceros : RHP José Jiménez
|
Batting: RHB Ramón Martínez
|
0-0: Called Strike 0-1: Fly out, F8 (Flyball, 8LS)
|
Batting: RHB Dan Wyatt
|
0-0: Ball 1-0: Ball 2-0: Ball 3-0: Base on Balls
|
Batting: RHB Shayne Burry
|
0-0: Swinging Strike 0-1: Ball 1-1: Ball 2-1: Ball 3-1: Foul Ball, location: 2F 3-2: Strikes out looking Dan Wyatt steals 2nd base Batter strikes out.
|
Batting: LHB Freddy Herrera
|
0-0: Swinging Strike 0-1: Ball 1-1: Ball 2-1: Foul Ball, location: 2F 2-2: Ground out 4-3 (Groundball, 4)
|
Top of the 2nd over - 0 run(s), 0 hit(s), 0 error(s), 1 left on base; Calgary 0 - Mexico City 1 |
BOTTOM OF THE 2ND |
Mexico City Cerveceros batting - Pitching for Calgary Cowboys : RHP Bert Killick
|
Batting: RHB Dave Morgan
|
0-0: Ball 1-0: Foul Ball, location: 2F 1-1: SOLO HOME RUN (Flyball, 7D), Distance : 367 ft
|
Batting: LHB Brandon Cummings
|
0-0: Foul Ball, location: 2F 0-1: SINGLE (Groundball, 3S) (infield hit)
|
Batting: RHB Reynold Akker
|
0-0: Ball 1-0: Called Strike 1-1: Foul Ball, location: 2F 1-2: Fly out, F6 (Line Drive, 6)
|
Batting: LHB Javier Escobedo
|
0-0: Ball 1-0: Called Strike 1-1: Ball Brandon Cummings is caught stealing 2nd base 2-1: Foul Ball, location: 2F 2-2: Foul Ball, location: 2F 2-2: Fly out, F9 (Flyball, 9D)
|
Bottom of the 2nd over - 1 run(s), 2 hit(s), 0 error(s), 0 left on base; Calgary 0 - Mexico City 2 |
TOP OF THE 3RD |
Calgary Cowboys batting - Pitching for Mexico City Cerveceros : RHP José Jiménez
|
Batting: RHB Mario Sánchez
|
0-0: Ball 1-0: Bunted foul 1-1: DOUBLE (Flyball, 7LS)
|
Batting: RHB Luis Peña
|
0-0: DOUBLE (Flyball, 7D) Mario Sánchez scores
|
Batting: RHB Jesús Hernández
|
0-0: Called Strike 0-1: Foul Ball, location: 2F 0-2: Strikes out swinging
|
Batting: LHB Miguel Pérez
|
0-0: Called Strike 0-1: Ball 1-1: Foul Ball, location: 2F 1-2: Foul Ball, location: 2F 1-2: Foul Ball, location: 2F 1-2: Foul Ball, location: 2F 1-2: Strikes out looking
|
Batting: RHB Clark Hodge
|
0-0: Foul Ball, location: 2F 0-1: Ball 1-1: Foul Ball, location: 2F 1-2: Ball 2-2: Ball 3-2: SINGLE (Groundball, 6D) Luis Peña to third Luis Peña scores
|
Batting: RHB Ramón Martínez
|
0-0: Called Strike 0-1: Ball 1-1: Ball 2-1: Foul Ball, location: 2F 2-2: Ball 3-2: Base on Balls Clark Hodge to second
|
Batting: RHB Dan Wyatt
|
0-0: Called Strike 0-1: Ball 1-1: Foul Ball, location: 2F 1-2: Fielders Choice at 2nd, 6-4 (Groundball, 6)
|
Top of the 3rd over - 2 run(s), 3 hit(s), 0 error(s), 1 left on base; Calgary 2 - Mexico City 2 |
BOTTOM OF THE 3RD |
Mexico City Cerveceros batting - Pitching for Calgary Cowboys : RHP Bert Killick
|
Batting: LHB Rubén Díaz
|
0-0: Foul Ball, location: 2F 0-1: SINGLE (Flyball, 7S) - OUT at second base trying to stretch hit.
|
Batting: RHB Dennis Stephenson
|
0-0: Ball 1-0: Ground out 5-3 (Groundball, 5S)
|
Batting: LHB Sammy Marshall
|
0-0: Ball 1-0: Swinging Strike 1-1: Swinging Strike 1-2: Strikes out swinging
|
Bottom of the 3rd over - 0 run(s), 1 hit(s), 0 error(s), 0 left on base; Calgary 2 - Mexico City 2 |
TOP OF THE 4TH |
Calgary Cowboys batting - Pitching for Mexico City Cerveceros : RHP José Jiménez
|
Batting: RHB Shayne Burry
|
0-0: SINGLE (Groundball, 56D)
|
Batting: LHB Freddy Herrera
|
0-0: Ball 1-0: Ball 2-0: Foul Ball, location: 2F 2-1: Ball 3-1: Base on Balls Shayne Burry to second
|
Batting: RHB Mario Sánchez
|
0-0: Swinging Strike 0-1: Ball 1-1: Ground out 3-1 (Groundball, 34) Shayne Burry to third Freddy Herrera to second
|
Batting: RHB Luis Peña
|
0-0: Called Strike 0-1: Ball 1-1: Ground out 1-3 (Groundball, 13)
|
Batting: RHB Jesús Hernández
|
0-0: Ball 1-0: Fly out, F3 (Popup, 3S)
|
Top of the 4th over - 0 run(s), 1 hit(s), 0 error(s), 2 left on base; Calgary 2 - Mexico City 2 |
BOTTOM OF THE 4TH |
Mexico City Cerveceros batting - Pitching for Calgary Cowboys : RHP Bert Killick
|
Batting: RHB Arnold Harmon
|
0-0: Swinging Strike 0-1: Ball 1-1: Called Strike 1-2: Ball 2-2: Strikes out swinging
|
Batting: LHB Luis Espinoza
|
0-0: Ball 1-0: Ball 2-0: Called Strike 2-1: Reached on Error, E4 (Popup, 4)
|
Batting: RHB Dave Morgan
|
0-0: Ball 1-0: Ball 2-0: Ball 3-0: Fly out, F5 (Popup, 5SF)
|
Batting: LHB Brandon Cummings
|
0-0: Ball Luis Espinoza is caught stealing 2nd base
|
Bottom of the 4th over - 0 run(s), 0 hit(s), 1 error(s), 0 left on base; Calgary 2 - Mexico City 2 |
TOP OF THE 5TH |
Calgary Cowboys batting - Pitching for Mexico City Cerveceros : RHP José Jiménez
|
Pitching: RHP Raúl Gómez
|
|
Batting: LHB Miguel Pérez
|
0-0: Ball 1-0: Ball 2-0: Ball 3-0: Called Strike 3-1: Foul Ball, location: 2F 3-2: Strikes out swinging
|
Batting: RHB Clark Hodge
|
0-0: Ball 1-0: Foul Ball, location: 2F 1-1: Ball 2-1: Swinging Strike 2-2: Strikes out swinging
|
Batting: RHB Ramón Martínez
|
0-0: Ball 1-0: Swinging Strike 1-1: Foul Ball, location: 2F 1-2: Fly out, F8 (Flyball, 8RM)
|
Top of the 5th over - 0 run(s), 0 hit(s), 0 error(s), 0 left on base; Calgary 2 - Mexico City 2 |
BOTTOM OF THE 5TH |
Mexico City Cerveceros batting - Pitching for Calgary Cowboys : RHP Bert Killick
|
Batting: LHB Brandon Cummings
|
0-0: Fly out, F4 (Popup, 34D)
|
Batting: RHB Reynold Akker
|
0-0: Foul Ball, location: 2F 0-1: Ball 1-1: Ball 2-1: Foul Ball, location: 2F 2-2: Ball 3-2: Ground out 6-3 (Groundball, 6)
|
Batting: LHB Javier Escobedo
|
0-0: Hit by Pitch
|
Batting: LHB Rubén Díaz
|
0-0: Called Strike 0-1: Swinging Strike 0-2: Strikes out swinging
|
Bottom of the 5th over - 0 run(s), 0 hit(s), 0 error(s), 1 left on base; Calgary 2 - Mexico City 2 |
TOP OF THE 6TH |
Calgary Cowboys batting - Pitching for Mexico City Cerveceros : RHP Raúl Gómez
|
Batting: RHB Dan Wyatt
|
0-0: Called Strike 0-1: Foul Ball, location: 2F 0-2: Ball 1-2: Ball 2-2: SINGLE (Line Drive, 8LS)
|
Batting: RHB Shayne Burry
|
0-0: Ball 1-0: Ball 2-0: Foul Ball, location: 2F 2-1: Fly out, F7 (Flyball, 7D)
|
Batting: LHB Freddy Herrera
|
0-0: Ball 1-0: Ball 2-0: Ball 3-0: Base on Balls Dan Wyatt to second
|
Batting: RHB Mario Sánchez
|
0-0: Called Strike 0-1: Ball 1-1: Ball 2-1: Ground out 5-3 (Groundball, 56) Dan Wyatt to third Freddy Herrera to second
|
Batting: RHB Luis Peña
|
0-0: Ball 1-0: Ball 2-0: Ball 3-0: Base on Balls
|
Batting: RHB Jesús Hernández
|
0-0: Ground out 1-3 (Groundball, 23)
|
Top of the 6th over - 0 run(s), 1 hit(s), 0 error(s), 3 left on base; Calgary 2 - Mexico City 2 |
BOTTOM OF THE 6TH |
Mexico City Cerveceros batting - Pitching for Calgary Cowboys : RHP Bert Killick
|
Batting: RHB Dennis Stephenson
|
0-0: Ball 1-0: Foul Ball, location: 2F 1-1: Ball 2-1: Called Strike 2-2: Ground out 5-3 (Groundball, 5D)
|
Batting: LHB Sammy Marshall
|
0-0: Ball 1-0: Ball 2-0: Called Strike 2-1: Ball 3-1: Foul Ball, location: 2F 3-2: Strikes out swinging
|
Batting: RHB Arnold Harmon
|
0-0: SINGLE (Groundball, 4MD)
|
Batting: LHB Luis Espinoza
|
0-0: Swinging Strike 0-1: Fielders Choice at 2nd, U6 (Groundball, 6M)
|
Bottom of the 6th over - 0 run(s), 1 hit(s), 0 error(s), 1 left on base; Calgary 2 - Mexico City 2 |
TOP OF THE 7TH |
Calgary Cowboys batting - Pitching for Mexico City Cerveceros : RHP Raúl Gómez
|
Pitching: RHP Troy Hawkins
|
|
Batting: LHB Miguel Pérez
|
0-0: Ground out 4-3 (Groundball, 4)
|
Batting: RHB Clark Hodge
|
0-0: Ball 1-0: Foul Ball, location: 2F 1-1: Ball 2-1: Called Strike 2-2: Foul Ball, location: 2F 2-2: DOUBLE (Groundball, 5L)
|
Batting: RHB Ramón Martínez
|
0-0: Swinging Strike 0-1: Ball 1-1: Foul Ball, location: 2F 1-2: SINGLE (Line Drive, 9S) Clark Hodge to third
|
Batting: RHB Dan Wyatt
|
Pickoff Throw to First - Out! 0-0: Called Strike 0-1: Ball 1-1: Ball 2-1: Called Strike 2-2: Strikes out swinging
|
Top of the 7th over - 0 run(s), 2 hit(s), 0 error(s), 1 left on base; Calgary 2 - Mexico City 2 |
BOTTOM OF THE 7TH |
Mexico City Cerveceros batting - Pitching for Calgary Cowboys : RHP Bert Killick
|
Batting: RHB Dave Morgan
|
0-0: Ball 1-0: Ball 2-0: Foul Ball, location: 2F 2-1: Ball 3-1: Base on Balls
|
Batting: LHB Brandon Cummings
|
0-0: Bunted foul 0-1: Sac Bunt - play at second, runner OUT! 5-6
|
Batting: RHB Reynold Akker
|
0-0: Called Strike 0-1: Called Strike 0-2: Ball 1-2: Ball 2-2: Strikes out swinging
|
Pinch Hitting: RHB Pablo Trujillo
|
0-0: Ball 1-0: Ball 2-0: Ball 3-0: Called Strike 3-1: Base on Balls Brandon Cummings to second
|
Batting: LHB Rubén Díaz
|
0-0: Called Strike 0-1: Ball 1-1: Called Strike 1-2: Ball 2-2: Fly out, F8 (Flyball, 8RM)
|
Bottom of the 7th over - 0 run(s), 0 hit(s), 0 error(s), 2 left on base; Calgary 2 - Mexico City 2 |
TOP OF THE 8TH |
Calgary Cowboys batting - Pitching for Mexico City Cerveceros : RHP Troy Hawkins
|
Now in RF: Pablo Trujillo
|
|
Batting: RHB Shayne Burry
|
0-0: Ball 1-0: Called Strike 1-1: SINGLE (Groundball, 6MD)
|
Batting: LHB Freddy Herrera
|
0-0: Sac Bunt - play at first, batter OUT! 1-4 Shayne Burry to second
|
Batting: RHB Mario Sánchez
|
0-0: Ball 1-0: Called Strike 1-1: Foul Ball, location: 2F 1-2: Ball 2-2: Fly out, F3 (Popup, 34)
|
Batting: RHB Luis Peña
|
0-0: Ground out 5-3 (Groundball, 56)
|
Top of the 8th over - 0 run(s), 1 hit(s), 0 error(s), 1 left on base; Calgary 2 - Mexico City 2 |
BOTTOM OF THE 8TH |
Mexico City Cerveceros batting - Pitching for Calgary Cowboys : RHP Bert Killick
|
Pitching: RHP Mitsunari Jouda
|
|
Batting: RHB Dennis Stephenson
|
0-0: Ball 1-0: Foul Ball, location: 2F 1-1: Foul Ball, location: 2F 1-2: Ball 2-2: Ball 3-2: Fly out, F7 (Flyball, 7D)
|
Batting: LHB Sammy Marshall
|
0-0: Called Strike 0-1: Called Strike 0-2: Ball 1-2: SINGLE (Line Drive, 6MD)
|
Batting: RHB Arnold Harmon
|
0-0: Ball Sammy Marshall is caught stealing 2nd base 1-0: Called Strike 1-1: Foul Ball, location: 2F 1-2: Foul Ball, location: 2F 1-2: Ball 2-2: Fly out, F7 (Line Drive, 7D)
|
Bottom of the 8th over - 0 run(s), 1 hit(s), 0 error(s), 0 left on base; Calgary 2 - Mexico City 2 |
TOP OF THE 9TH |
Calgary Cowboys batting - Pitching for Mexico City Cerveceros : RHP Troy Hawkins
|
Pitching: RHP Jonathan Long
|
|
Batting: RHB Jesús Hernández
|
0-0: Ball 1-0: Ball 2-0: Called Strike 2-1: Foul Ball, location: 2F 2-2: Foul Ball, location: 2F 2-2: SINGLE (Line Drive, 8LS)
|
Batting: LHB Miguel Pérez
|
0-0: Ball 1-0: Ball 2-0: Fielders Choice at 2nd, 5-4 (Groundball, 56)
|
Batting: RHB Clark Hodge
|
0-0: Ball 1-0: Called Strike 1-1: Foul Ball, location: 2F 1-2: Ball 2-2: Foul Ball, location: 2F 2-2: Strikes out swinging
|
Batting: RHB Ramón Martínez
|
0-0: Ball Miguel Pérez is caught stealing 2nd base
|
Top of the 9th over - 0 run(s), 1 hit(s), 0 error(s), 0 left on base; Calgary 2 - Mexico City 2 |
BOTTOM OF THE 9TH |
Mexico City Cerveceros batting - Pitching for Calgary Cowboys : RHP Mitsunari Jouda
|
Batting: LHB Luis Espinoza
|
0-0: Ball 1-0: SINGLE (Groundball, 34D)
|
Batting: RHB Dave Morgan
|
0-0: Bunted foul 0-1: Bunted foul 0-2: Foul Ball, location: 2F 0-2: Strikes out looking
|
Batting: LHB Brandon Cummings
|
0-0: Foul Ball, location: 2F 0-1: Ball 1-1: Ball 2-1: Swinging Strike 2-2: SINGLE (Groundball, 4MD) Luis Espinoza to second
|
Batting: RHB Reynold Akker
|
0-0: Foul Ball, location: 2F 0-1: Ball 1-1: Called Strike 1-2: Ball 2-2: Foul Ball, location: 2F 2-2: SINGLE (Line Drive, 6M) Luis Espinoza to third Brandon Cummings to second
|
Batting: RHB Pablo Trujillo
|
0-0: Ball 1-0: Ball 2-0: Swinging Strike 2-1: Foul Ball, location: 2F 2-2: Ball 3-2: Strikes out looking
|
Batting: LHB Rubén Díaz
|
0-0: Ball 1-0: Ball 2-0: Ball 3-0: Base on Balls Luis Espinoza scores Brandon Cummings to third Reynold Akker to second
|
Monday, December 5th, 2016 - OOTP Baseball 17.12 Build 75
|
|